 Dungeon Crawl Stone Soup version 0.29.1-2-gbd0b4ee654 (webtiles) character file.

Game seed: 9272508490684422281

15603 zeram the Cleaver (level 12, -4/106 HPs)
             Began as a Minotaur Fighter on Nov 7, 2022.
             Was an Initiate of Gozag.
             Slain by a skeletal warrior
             ... wielding a +0 battleaxe
              (12 damage)
             ... on level 12 of the Dungeon.
             The game lasted 00:27:46 (16491 turns).

zeram the Cleaver (Minotaur Fighter)               Turns: 16491, Time: 00:27:46

Health: -4/106     AC:  9    Str: 27    XL:     12   Next: 2%
Magic:  11/11      EV: 12    Int:  5    God:    Gozag
Gold:   2104       SH:  7    Dex:  9    Spells: 11/11 levels left

rFire   . . .      SeeInvis .   E - +6 rapier of Internal Strife {vamp, rElec rC+ Will-}
rCold   + + .      Faith    .   c - +2 buckler
rNeg    . . .      Spirit   .   b - +0 scale mail
rPois   .          Reflect  .   (helmet restricted)
rElec   +          Harm     .   (no cloak)
rCorr   .          Rampage  .   (no gloves)
Will    .....      Clarity  +   (no boots)
Stlth   ..........              (no amulet)
HPRegen 0.27/turn               t - ring of willpower
MPRegen 0.12/turn               (no ring)

@: about to teleport, marked, gold aura
A: horns 2, retaliatory headbutt, clarity, cold resistance 1
a: Renounce Religion, Potion Petition, Call Merchant, Bribe Branch


You were on level 12 of the Dungeon.
You worshipped Gozag.
Gozag was most pleased with you.
You visited 3 branches of the dungeon, and saw 15 of its levels.

You collected 2797 gold pieces.
You paid 693 gold pieces to Gozag.

Inventory:

Hand Weapons
 a - a +1 war axe of flaming
 f - a +1 hand axe of electrocution
 E - the +6 rapier of Internal Strife (weapon) {vamp, rElec rC+ Will-}
   (You found it on level 1 of the Lair of Beasts)

   It occasionally heals its wielder for a portion of the damage dealt when it
   wounds a living foe.
   rC:        It protects you from cold.
   rElec:     It insulates you from electricity.
   Will:      It decreases your willpower.
Armour
 b - a +0 scale mail (worn)
 c - a +2 buckler (worn)
Jewellery
 t - a ring of willpower (left hand)
Wands
 l - a wand of flame (21)
 u - a wand of paralysis (18)
 v - a wand of iceblast (5)
 y - a wand of light (20)
 A - a wand of digging (13)
Scrolls
 e - a scroll of fear
 i - 2 scrolls of amnesia
 j - 4 scrolls of teleportation
 m - 2 scrolls of magic mapping
 p - 2 scrolls of butterflies
 q - a scroll of torment
 x - 3 scrolls of identify
 z - 2 scrolls of enchant armour
 B - a scroll of silence
 D - a scroll of noise
 F - a scroll of enchant weapon
Potions
 d - 3 potions of curing
 g - 5 potions of brilliance
 h - 4 potions of resistance
 k - 5 potions of haste
 n - a potion of magic
 o - a potion of lignification
 r - 2 potions of cancellation
 s - 3 potions of attraction
 w - 6 potions of degeneration
 C - a potion of heal wounds


   Skills:
 + Level 10.1 Fighting
 + Level 3.5 Short Blades
 + Level 13.1 Axes
 + Level 12.8 Armour
 + Level 6.4 Dodging
 + Level 9.1 Shields
 + Level 2.2 Evocations


You had 11 spell levels left.
You didn't know any spells.
Your spell library contained the following spells:

 Spells                   Type           Power      Damage    Failure   Level
 Sandblast                Erth           0%         2d4       77%         1
 Ensorcelled Hibernation  Hex/Ice        0%         N/A       88%         2
 Passwall                 Tmut/Erth      0%         N/A       88%         2
 Static Discharge         Conj/Air       0%         3-3/arc   88%         2
 Conjure Flame            Conj/Fire      0%         6-21      98%         3
 Gell's Gravitas          Tloc           0%         N/A       98%         3
 Ignite Poison            Fire/Tmut/Pois 0%         N/A       98%         3
 Inner Flame              Hex/Fire       0%         N/A       98%         3
 Lesser Beckoning         Tloc           0%         N/A       98%         3
 Stone Arrow              Conj/Erth      0%         3d7       98%         3
 Swiftness                Air            0%         N/A       98%         3
 Teleport Other           Tloc           0%         N/A       98%         3
 Cause Fear               Hex            0%         N/A       100%        4
 Dispel Undead            Necr           0%         3d6       100%        4
 Iskenderun's Mystic Bla  Conj/Tloc      0%         2d3       100%        4
 Olgreb's Toxic Radiance  Pois           0%         N/A       100%        4
 Sticky Flame             Conj/Fire      0%         2d3       100%        4
 Fireball                 Conj/Fire      0%         3d3       100%        5
 Ozocubu's Refrigeration  Ice            0%         4d7       100%        7
 Discord                  Hex            0%         N/A       100%        8
 Ignition                 Fire           0%         3d3       100%        8
 Lehudib's Crystal Spear  Conj/Erth      0%         10d2      100%        8


Dungeon Overview and Level Annotations

Branches:
Dungeon (12/15)            Temple (0/1) D:7            Lair (2/5) D:11
    Orc (1/2) D:11
  Swamp: Lair:2-3    Shoals: Lair:2-3     Snake: Lair:2-3    Spider: Lair:2-3

Altars:
Gozag
Qazlal
Ru
Trog
Vehumet
Wu Jian
Xom

Shops:
D:8 [   D:10 [   Orc:1 =   Lair:1 [

Annotations:
D:9 2 transporters, LustLizard's ghost, novice SpHu
Lair:1 2 transporters, Anandil's ghost, journeyman DgFE


Innate Abilities, Weirdness & Mutations

You have a pair of horns on your head.
You reflexively headbutt those who attack you in melee.
You possess an exceptional clarity of mind.
Your flesh is cold resistant. (rC+)


Message History

You closely miss the skeletal warrior.
The skeletal warrior is no longer distracted by gold.
The skeletal warrior barely misses you.
The skeletal warrior hits you with a +0 short sword!!
Unknown command.
The skeletal warrior attacks as you move away!
The skeletal warrior completely misses you.
The skeletal warrior attacks as you move away!
You block the skeletal warrior's attack.
The skeletal warrior attacks as you move away!
The skeletal warrior hits you with a +0 battleaxe!!
The skeletal warrior attacks as you move away!
The skeletal warrior hits you but does no damage.
The skeletal warrior attacks as you move away!
The skeletal warrior misses you.
Found an ornate altar of the Wu Jian Council.
The skeletal warrior pulls the alarm!
The alarm trap emits a blaring wail!
The mark upon you grows brighter.
You barely miss the skeletal warrior. You headbutt the skeletal warrior.
The skeletal warrior is lightly damaged.
The skeletal warrior hits you but does no damage.
You hit the skeletal warrior.
The skeletal warrior is lightly damaged.
The skeletal warrior hits you with a +0 battleaxe!!
* * * LOW HITPOINT WARNING * * *
You closely miss the skeletal warrior.
The skeletal warrior is lightly damaged.
You block the skeletal warrior's attack.
As you read the scroll of teleportation, it crumbles to dust.
You feel strangely unstable.
A troll comes into view.
The skeletal warrior hits you with a +0 battleaxe!
* * * LOW HITPOINT WARNING * * *
The skeletal warrior attacks as you move away!
You block the skeletal warrior's attack.
The skeletal warrior attacks as you move away!
The skeletal warrior hits you with a +0 battleaxe!
You die...
Your body crumbles into a pile of gold.

... #.......## #.#
....###...z..# #.# ##
._........##.####.###....
...##.z####..........#
##z##....##.####.#
#.##.#.###........
#.z.....######....
##z#.##.# .. #@#..#.# #.#
#.# #.. .# ####


You could see 4 skeletal warriors.

Vanquished Creatures
  3 two-headed ogres (D:10)
  2 hydras
  2 orc sorcerers
  A cane toad (Lair:1)
  2 komodo dragons (Lair:1)
  A rime drake (Lair:1)
  2 trolls
  3 hornets
  Eustachio (D:5)
  3 shadows (D:10)
  Grum (D:8)
  12 yaks (Lair:1)
  12 vampire mosquitoes
  2 steam dragons
  4 wargs
  An acid dragon (D:12)
  Menkaure (D:7)
  6 water moccasins
  2 orc warriors (D:11)
  3 sky beasts
  An ice beast (D:7)
  A black bear (D:5)
  4 ogres
  3 wolves (D:8)
  2 centaurs
  3 phantoms
  2 kobold brigands (D:9)
  6 bullfrogs
  2 gnoll sergeants
  3 wights (D:8)
  4 killer bees (D:7)
  2 electric eels (Lair:1)
  2 howler monkeys (D:6)
  4 crimson imps (D:5)
  5 hounds
  4 jellies
  7 orc priests
  A gnoll bouda (D:6)
  Terence (D:2)
  6 iguanas
  Ijyb (D:3)
  10 orc wizards
  A hell rat (D:7)
  A mummy (D:8)
  12 gnolls
  8 adders
  5 river rats (D:7)
  A shadow imp (D:7)
  2 worms
  2 dart slugs (D:1)
  27 orcs
  4 endoplasms
  2 giant cockroaches
  4 goblins
  7 hobgoblins
  10 quokkas
  4 ball pythons
  4 bats
  2 frilled lizards (D:1)
  A hobgoblin zombie (D:8)
  12 kobolds
  3 orc zombies (D:8)
  20 rats
270 creatures vanquished.

Vanquished Creatures (others)
  4 fungi
  8 plants (Lair:1)
12 creatures vanquished.

Grand Total: 282 creatures vanquished

Notes
Turn   | Place    | Note
-------+----------+-------------------------------------------
     0 | D:1      | zeram the Minotaur Fighter began the quest for the Orb.
     0 | D:1      | Reached XP level 1. HP: 19/19 MP: 0/0
   309 | D:1      | Reached XP level 2. HP: 27/27 MP: 1/1
   776 | D:2      | Noticed Terence
   786 | D:2      | Killed Terence
   787 | D:2      | Reached XP level 3. HP: 22/33 MP: 2/2
   964 | D:2      | Found an opulent altar of Gozag.
   973 | D:2      | Became a worshipper of Gozag Ym Sagoz the Greedy
  1194 | D:2      | Found a faded altar of an unknown god.
  1733 | D:3      | Noticed Ijyb
  1744 | D:3      | Killed Ijyb
  1745 | D:3      | Reached skill level 3 in Axes
  1745 | D:3      | Reached XP level 4. HP: 12/40 MP: 3/3
  2071 | D:3      | Reached skill level 5 in Armour
  2075 | D:3      | Reached XP level 5. HP: 38/46 MP: 4/4
  2403 | D:3      | Reached skill level 4 in Axes
  2487 | D:3      | Reached skill level 5 in Shields
  3008 | D:3      | Reached XP level 6. HP: 53/53 MP: 5/5
  3302 | D:4      | Reached skill level 5 in Axes
  3556 | D:4      | Reached skill level 1 in Dodging
  3978 | D:5      | Entered Level 5 of the Dungeon
  4041 | D:5      | Reached XP level 7. HP: 59/60 MP: 6/6
  4133 | D:5      | Reached skill level 6 in Axes
  4276 | D:5      | Found a shimmering altar of Xom.
  4433 | D:5      | Reached skill level 5 in Fighting
  4598 | D:5      | Noticed Eustachio
  4615 | D:5      | Killed Eustachio
  4616 | D:5      | Reached skill level 7 in Axes
  4616 | D:5      | Reached XP level 8. HP: 10/68 MP: 7/7
  5503 | D:6      | Got the Directory of the Iron Salvo
  5575 | D:6      | Reached skill level 8 in Axes
  6280 | D:7      | Noticed Menkaure
  6392 | D:7      | Reached XP level 9. HP: 69/75 MP: 8/8
  6569 | D:7      | Found a staircase to the Ecumenical Temple.
  6573 | D:7      | Reached skill level 9 in Axes
  6592 | D:7      | Killed Menkaure
  7517 | D:8      | Noticed Grum
  7522 | D:8      | Reached skill level 10 in Axes
  7538 | D:8      | Reached skill level 10 in Armour
  7820 | D:8      | Killed Grum
  7946 | D:8      | Identified the +12 long sword "Debimaxa" {spect, rF+}
  8173 | D:8      | Found Fuat's Antique Armour Emporium.
  8455 | D:8      | Found a radiant altar of Vehumet.
  8455 | D:8      | Found a faded altar of an unknown god.
  8463 | D:8      | Found a faded altar of an unknown god.
  8465 | D:8      | Found a sacrificial altar of Ru.
  8467 | D:8      | Found a bloodstained altar of Trog.
  8516 | D:8      | Reached XP level 10. HP: 70/86 MP: 9/9
  8889 | D:9      | Found a stormy altar of Qazlal.
  8980 | D:9      | Found a transporter.
  8984 | D:9      | Noticed LustLizard's ghost (novice SpHu)
  9018 | D:9      | Found a transporter.
  9411 | D:9      | Reached skill level 11 in Axes
 10049 | D:10     | Entered Level 10 of the Dungeon
 10199 | D:10     | Identified the +0 chain mail of Trial and Error {rN+ rCorr}
 10253 | D:10     | Found an ornate altar of the Wu Jian Council.
 10521 | D:10     | Noticed a two-headed ogre
 10528 | D:10     | Killed a two-headed ogre
 10670 | D:10     | Noticed a two-headed ogre
 10677 | D:10     | HP: 4/88 [two-headed ogre/+0 giant spiked club (10)]
 10684 | D:10     | Killed a two-headed ogre
 10685 | D:10     | Reached skill level 5 in Dodging
 11023 | D:10     | Noticed a two-headed ogre
 11032 | D:10     | Killed a two-headed ogre
 11033 | D:10     | Reached skill level 1 in Evocations
 11245 | D:10     | Found Curphamm's Armour Emporium.
 11406 | D:11     | Reached skill level 12 in Axes
 11429 | D:11     | Reached XP level 11. HP: 61/95 MP: 10/10
 11752 | D:11     | Found a staircase to the Lair.
 11784 | D:11     | Gained mutation: You possess an exceptional clarity of
                  | mind. [potion of mutation]
 11784 | D:11     | Gained mutation: Your flesh is cold resistant. (rC+)
                  | [potion of mutation]
 11784 | D:11     | HP: 3/95 [vampire mosquito (4)]
 11786 | D:11     | HP: 1/95 [vampire mosquito (3)]
 12454 | D:11     | Found a staircase to the Orcish Mines.
 12967 | Lair:1   | Entered Level 1 of the Lair of Beasts
 12967 | Lair:1   | Noticed Anandil's ghost (journeyman DgFE)
 12967 | Lair:1   | Found a transporter.
 12984 | Lair:1   | Found a transporter.
 14180 | Lair:1   | Noticed a four-headed hydra
 14188 | Lair:1   | Killed a three-headed hydra
 14191 | Lair:1   | Identified the +6 rapier of Internal Strife {vamp, rElec
                  | rC+ Will-}
 14512 | Lair:1   | Reached skill level 13 in Axes
 14517 | Lair:1   | HP: 4/99 [poisoned by a water moccasin]
 15066 | Lair:1   | Reached skill level 1 in Short Blades
 15466 | Orc:1    | Entered Level 1 of the Orcish Mines
 15466 | Orc:1    | Noticed an orc sorcerer
 15475 | Orc:1    | Killed an orc sorcerer
 15506 | Orc:1    | Found Dyid Pyff's Jewellery Shop.
 15512 | Orc:1    | Noticed an orc knight
 15512 | Orc:1    | Noticed an orc sorcerer
 15548 | D:11     | Killed an orc sorcerer
 15994 | D:12     | Noticed a seven-headed hydra
 16002 | D:12     | Killed a one-headed hydra
 16003 | D:12     | Reached skill level 10 in Fighting
 16305 | D:12     | Reached XP level 12. HP: 75/106 MP: 11/11
 16480 | D:12     | Found an ornate altar of the Wu Jian Council.
 16491 | D:12     | Slain by a skeletal warrior

Illustrated notes

Levels and vault maps discovered:
D:1:      dpeg_arrival_circle_labyrinth_a, layout_rooms, grunt_decor_one_mirror,
          nicolae_concentric_dashed_squares_mild
D:2:      layout_loops_corners, basic_altar, nicolae_ecumenical_oubliette,
          uniq_terence
D:3:      layout_basic, nicolae_eternal_life, uniq_ijyb
D:4:      layout_loops_cross, minmay_misc_feat_alley
D:5:      minmay_spotlight, layout_loops_cross, led_xom_imps,
          hangedman_abyss_or_decor_stabs, uniq_eustachio
D:6:      layout_rooms, solitary_fountain
D:7:      lemuel_ratsnest, layout_rooms, minmay_temple_entry_proselytizer,
          uniq_menkaure
D:8:      layout_loops_cross, chequers_temple_overflow_minitemple, serial_shops,
          shop, minmay_mini_ossuary, uniq_grum
D:9:      layout_stronghold, nicolae_qazlal_general_emergency,
          gammafunk_ghost_stat_death, nicolae_underground_beach
D:10:     layout_small_grid, mainiacjoe_overflow_cross_hatched, serial_shops,
          shop
D:11:     layout_irregular_city, erik_lair_orcish_takeover, orc_0_dummy
D:12:     layout_loops_cross, nzn_wu_jian_council_hall
Lair:1:   layout_roguey, serial_bayou, serial_bayou_pond_a, serial_bayou_pond_c,
          serial_bayou_shore_a, serial_bayou_pond_b,
          gammafunk_ghost_berserking_beasts, chequers_serial_rivers_micro_e,
          hibernation_bobbens, lemuel_fruit_tree
Lair:2:   layout_regular_city, elwin_shoals_entry_rocks, st_stairs_12,
          beast_lair_carwin_5, lemuel_fruit_fields
Orc:1:    layout_diamond_mine, serial_shops, shop_fountains

Skill      XL: |  1  2  3  4  5  6  7  8  9 10 11 |
---------------+----------------------------------+-----
Armour         | 4 5 6 7 8 10 11 12 | 12.8
Shields        | 4 5 6 7 9 |  9.1
Fighting       | 4 5 7 8 10 | 10.1
Axes           | 3 4 5 7 8 10 12 13 | 13.1
Dodging        | 1 2 3 5 6 |  6.4
Evocations     | 1 2 |  2.2
Short Blades   | 3 |  3.5

Action                   |  1- 3 |  4- 6 |  7- 9 | 10-12 || total
-------------------------+-------+-------+-------+-------++-------
Melee: War axe           |    55 |    74 |       |    10 ||   139
       Headbutt          |     9 |    11 |    59 |    80 ||   159
       Hand axe          |       |    38 |   317 |   236 ||   591
       Rapier            |       |       |       |   105 ||   105
Invok: Call Merchant     |       |       |       |     1 ||     1
Evoke: Wand              |       |       |     2 |    14 ||    16
  Use: Scroll            |     8 |     6 |     9 |    14 ||    37
       Potion            |     1 |     1 |     3 |     4 ||     9
 Stab: Distracted        |       |       |     2 |       ||     2
       Paralysed         |       |       |       |     4 ||     4
Armor: Scale mail        |    25 |    41 |    92 |    93 ||   251
Dodge: Dodged            |    21 |    41 |   118 |   184 ||   364
Block: Buckler           |    17 |    23 |    61 |   118 ||   219
